 Dungeon Crawl Stone Soup version 0.28-b1-1-g3c77fb2ed1 (webtiles) character file.

Game seed: 16514930992109233470

1870 pkoi the Basher (level 8, -4/73 HPs)
             Began as a Minotaur Fighter on Jan 28, 2022.
             Was an Initiate of Qazlal.
             Slain by an orc warrior (12 damage)
             ... on level 7 of the Dungeon.
             The game lasted 00:10:35 (7481 turns).

pkoi the Basher (Minotaur Fighter)                  Turns: 7481, Time: 00:10:36

Health: -4/73      AC:  5    Str: 22    XL:     8   Next: 90%
Magic:  7/7        EV: 10    Int:  5    God:    Qazlal [......]
Gold:   357        SH:  6    Dex: 17    Spells: 7/7 levels left

rFire   . . .      SeeInvis +   s - +0 whip (elec)
rCold   + + +      Faith    .   c - +0 buckler
rNeg    . . .      Spirit   .   v - +2 leather armour {rPois}
rPois   +          Reflect  .   (helmet restricted)
rElec   .          Harm     .   (no cloak)
rCorr   .          Rampage  .   (no gloves)
Will    .....                   (no boots)
Stlth   +.........              (no amulet)
HPRegen 0.22/turn               w - ring of protection from cold
MPRegen 0.10/turn               A - ring "Kouhogg" {rPois rC+++ Will- Dex+6 SInv}

@: no status effects
A: horns 2, retaliatory headbutt
a: Renounce Religion


You were on level 7 of the Dungeon.
You worshipped Qazlal.
Qazlal was noncommittal.
You visited 2 branches of the dungeon, and saw 8 of its levels.

You collected 357 gold pieces.

Inventory:

Hand Weapons
 a - a +0 flail
 s - a +0 whip of electrocution (weapon)
 z - a +0 whip of flaming
Missiles
 h - 10 poisoned darts (quivered)
 j - 4 javelins
Armour
 b - a +0 scale mail
 c - a +0 buckler (worn)
 v - a +2 leather armour of poison resistance (worn)
Jewellery
 e - a +4 ring of protection
 l - a ring of fire
 u - an amulet of the acrobat
 w - a ring of protection from cold (left hand)
 A - the ring "Kouhogg" (right hand) {rPois rC+++ Will- Dex+6 SInv}
   (You found it on level 6 of the Dungeon)

   [ring of dexterity]

   Dex:       It affects your dexterity (+6).
   rC:        It renders you almost immune to cold.
   rPois:     It protects you from poison.
   SInv:      It lets you see invisible.
   Will:      It decreases your willpower.
Wands
 y - a wand of iceblast (9)
Scrolls
 o - a scroll of fog
Potions
 d - 4 potions of might
 f - a potion of heal wounds
 n - a potion of flight
 p - a potion of cancellation
 q - a potion of curing
 r - a potion of brilliance
 x - a potion of ambrosia


   Skills:
 + Level 7.1 Fighting
 * Level 9.1 Maces & Flails
 + Level 7.1 Armour
 - Level 7.2 Shields


You had 7 spell levels left.
You didn't know any spells.
Your spell library contained the following spells:

 Spells                   Type           Power      Damage    Failure   Level
 Sublimation of Blood     Necr           0%         N/A       75%         2
 Wereblood                Tmut           0%         N/A       75%         2
 Summon Hydra             Summ           0%         N/A       100%        7


Dungeon Overview and Level Annotations

Branches:
Dungeon (7/15)             Temple (1/1) D:6

Altars:
Qazlal
Beogh

Annotations:
D:4 Edmund, Ijyb
D:6 3 runed translucent doors, zeram's ghost, novice HOFi


Innate Abilities, Weirdness & Mutations

You have a pair of horns on your head.
You reflexively headbutt those who attack you in melee.


Message History

You closely miss the orc warrior.
The orc warrior is almost dead.
The orc wizard hits you with a +0 dagger.
You hit the orc warrior but do no damage.
The orc warrior is almost dead.
The orc warrior hits you with a +0 mace!
The orc wizard casts a spell at you.
You are confused.
You are too confused!
You're too confused to move!
The orc warrior hits you with a +0 mace!
The orc wizard hits you but does no damage.
Unknown command.
You bump into the rock wall.
The orc warrior barely misses you. The orc wizard barely misses you.
Unknown command.
You're too confused to move!
The orc warrior hits you with a +0 mace.
* * * LOW HITPOINT WARNING * * *
The orc wizard hits you but does no damage.
Unknown command.
You bump into the rock wall.
The orc warrior closely misses you.
The orc wizard hits you but does no damage.
Unknown command.
You barely miss the orc warrior.
The orc warrior is almost dead.
The orc warrior hits you with a +0 mace!
* * * LOW HITPOINT WARNING * * *
Unknown command.
You bump into the rock wall.
The orc wizard hits you but does no damage.
The orc warrior barely misses you.
Unknown command.
You bump into the rock wall.
You feel less confused.
The orc wizard gestures at you while chanting.
The magic dart hits you.
* * * LOW HITPOINT WARNING * * *
The orc warrior hits you with a +0 mace!
You die...

#....## #.....#
...... #.....#
..$... ####.##
#...oo ###..##
....#
#.....##...###.
##.....#.).....
###.oo...#.o.....
##...@##..........
#....###..........
#...##.....#....#.
##..<......#..##..
##..###.##. .# .
##..# #.. ....
#...# #.. .....
###..#### ......
...#


You could see an orc warrior and an orc wizard (invisible).

Vanquished Creatures
  Pikel (D:6)
  Sigmund (D:6)
  Eustachio (D:5)
  A black bear (D:5)
  2 ogres (D:6)
  2 lemures
  A scorpion (D:6)
  2 water moccasin zombies
  3 wights
  A howler monkey (D:5)
  A bullfrog skeleton (D:4)
  A hound (D:5)
  A jelly (D:5)
  A centaur skeleton (D:5)
  An iguana (D:5)
  Natasha (twice) (D:2)
  2 orc wizards
  A hound skeleton (D:4)
  Robin (D:2)
  8 gnolls
  6 adders
  3 white imps
  2 ufetubi (D:6)
  An adder skeleton (D:4)
  2 worms
  3 dart slugs
  12 orcs
  7 ball pythons
  5 endoplasms
  4 giant cockroaches
  12 goblins
  6 hobgoblins
  5 kobolds
  4 quokkas
  6 bats
  4 frilled lizards
  3 rats
119 creatures vanquished.

Vanquished Creatures (others)
  3 plants (D:1)
3 creatures vanquished.

Grand Total: 122 creatures vanquished

Notes
Turn   | Place    | Note
-------+----------+-------------------------------------------
     0 | D:1      | pkoi the Minotaur Fighter began the quest for the Orb.
     0 | D:1      | Reached XP level 1. HP: 19/19 MP: 0/0
   137 | D:1      | Reached XP level 2. HP: 21/27 MP: 1/1
   300 | D:1      | Reached skill level 3 in Maces & Flails
   506 | D:1      | Reached XP level 3. HP: 33/33 MP: 2/2
   757 | D:2      | Noticed Robin
   768 | D:2      | Killed Robin
   892 | D:2      | Noticed Natasha
   905 | D:2      | Killed Natasha
   906 | D:2      | Reached skill level 4 in Maces & Flails
   906 | D:2      | Reached XP level 4. HP: 40/40 MP: 3/3
  1464 | D:2      | Reached XP level 5. HP: 47/47 MP: 4/4
  2268 | D:2      | Noticed Natasha
  2280 | D:2      | Killed Natasha
  2664 | D:3      | Reached skill level 5 in Maces & Flails
  3189 | D:3      | Reached XP level 6. HP: 48/55 MP: 5/5
  3558 | D:3      | Found a faded altar of an unknown god.
  3832 | D:4      | Reached skill level 5 in Shields
  3857 | D:4      | Noticed Edmund
  3861 | D:4      | Noticed Ijyb
  3920 | D:5      | Entered Level 5 of the Dungeon
  4020 | D:5      | Reached skill level 5 in Fighting
  4020 | D:5      | Reached skill level 5 in Armour
  4101 | D:5      | Found a stormy altar of Qazlal.
  4146 | D:5      | Became a worshipper of Qazlal Stormbringer
  4470 | D:5      | Reached skill level 6 in Maces & Flails
  4472 | D:5      | Reached XP level 7. HP: 60/61 MP: 6/6
  4641 | D:5      | Noticed Eustachio
  4697 | D:5      | Killed Eustachio
  5230 | D:6      | Reached skill level 7 in Maces & Flails
  5744 | D:6      | Reached XP level 8. HP: 65/70 MP: 7/7
  5777 | D:6      | Found a staircase to the Ecumenical Temple.
  6188 | D:6      | Noticed Sigmund
  6197 | D:6      | Killed Sigmund
  6198 | D:6      | Reached skill level 8 in Maces & Flails
  6571 | D:6      | Noticed Pikel
  6574 | Temple   | Entered the Ecumenical Temple
  6719 | D:6      | Killed Pikel
  6720 | D:6      | Reached skill level 9 in Maces & Flails
  6914 | D:6      | Identified the ring "Kouhogg" {rPois rC+++ Will- Dex+6
                  | SInv}
  7008 | D:6      | Found a runed translucent gate.
  7009 | D:6      | Found a runed translucent gate.
  7010 | D:6      | Noticed zeram's ghost (novice HOFi)
  7011 | D:6      | Found a runed translucent gate.
  7014 | D:6      | Identified the +2 chain mail "Niedofe" {Contam rElec Int+6}
  7481 | D:7      | Slain by an orc warrior

Illustrated notes

Levels and vault maps discovered:
D:1:      onia_arrival_mini_spirals, layout_rooms, minmay_crystal_room,
          nicolae_grassy_gnolls
D:2:      layout_loops_ring, minmay_randomly_rotated_circles, uniq_natasha,
          uniq_robin
D:3:      layout_basic, cheibrodos_sewer_entry_bend,
          shapermc_ecumenical_altar_petra, kennysheep_crisscross
D:4:      layout_rooms, minmay_misc_feat_five, hangedman_decor_peaks_small,
          uniq_edmund, uniq_ijyb
D:5:      layout_basic, nicolae_qazlal_scattered_showers, uniq_eustachio
D:6:      layout_basic, minmay_temple_entry_statues_fountains,
          biasface_ghost_orc_armoury, uniq_pikel, uniq_sigmund
D:7:      layout_cave_pools, grunt_decor_cap
Temple:   mainiacjoe_temple_cubbyholes

Skill      XL: |  1  2  3  4  5  6  7  8 |
---------------+-------------------------+-----
Maces & Flails | 3 4 5 6 7 9 |  9.1
Fighting       | 4 5 6 7 |  7.1
Armour         | 4 5 6 7 |  7.1
Shields        | 4 5 6 7 |  7.2

Action                   |  1- 3 |  4- 6 |  7- 9 || total
-------------------------+-------+-------+-------++-------
Melee: Flail             |    86 |   143 |       ||   229
       Headbutt          |     8 |    25 |    32 ||    65
       Whip              |       |    16 |   179 ||   195
  Use: Scroll            |       |       |     9 ||     9
       Potion            |       |       |     1 ||     1
Armor: Scale mail        |    44 |    97 |    19 ||   160
       Leather armour    |       |       |    33 ||    33
Dodge: Dodged            |    40 |    79 |    59 ||   178
Block: Buckler           |    19 |    34 |    34 ||    87
